AoeStats
← Noroad

Arabia

510313407Analyzed
1v1 RM · 1d ago on Sep 30, 2026· 42m 11s· 2 players
Game mode
Random Map
Map size
Tiny (2 player)
Population
200
Speed
Normal
Resources
Standard
Victory
Conquest
Starting age
Dark Age
Ending age
Imperial Age
RankedLock teamsTeams togetherTeam positionsShared explorationLock speedFull tech treeHidden civsTurbo modeCheats
Victory
Defeat
🇨🇳 Danes · China
1388
+18
🇻🇳 Berbers · Vietnam
1440
-18
VN_Saulo
1:44 Loom
10:36 Feudal Age
16:07 Castle Age
16:12 Double-Bit Axe
18:03 Scale Barding Armor
20:47 Forging
24:29 Horse Collar
28:44 Bloodlines
29:12 Fletching
30:56 Padded Archer Armor
Noroad
6:19 Loom
8:51 Feudal Age
9:44 Double-Bit Axe
13:21 Fletching
17:04 Scale Mail Armor
20:53 Castle Age
18:52 Stone Mining
28:52 Chain Mail Armor
31:27 Forging
31:52 Gold Mining
38:03 Arson
38:19 Squires
39:18 Bodkin Arrow
38:46 Elite Skirmisher
40:28 Horse Collar
Connection lost

Rejoining the realm…

Still unreachable

The connection could not be restored.

Session expired

The server has moved on; the page needs a fresh start.